 Dungeon Crawl Stone Soup version 0.17-a0-1663-gb806841 (webtiles) character file.

19 Kelyas the Magician (level 2, 0/15 HPs)
             Began as a Deep Elf Air Elementalist on Aug 16, 2015.
             Engulfed by a cloud of flame (10 damage)
             ... on level 2 of the Dungeon.
             The game lasted 00:03:51 (1180 turns).

Kelyas the Magician (Deep Elf Air Elementalist)     Turns: 1180, Time: 00:03:51

Health: 0/15       AC:  2    Str:  5    XL:     2   Next: 55%
Magic:  7/8        EV: 13    Int: 19    God:
Gold:   63         SH:  0    Dex: 15    Spells: 1 memorised, 6 levels left

rFire  . . .     SeeInvis .     (no weapon)
rCold  . . .     Clarity  .     a - +0 robe
rNeg   . . .     SustAt   .     (no shield)
rPois  .         Gourm    .     (no helmet)
rElec  .         Spirit   .     (no cloak)
rCorr  .         Warding  .     (no gloves)
rMut   .         Stasis   .     (no boots)
MR     .....                    (no amulet)
Stlth  ++........               (no ring)
                                (no ring)

@: not resistant to hostile enchantments, unstealthy
A: no striking features
a: no special abilities


You were on level 2 of the Dungeon.
You were not hungry.

You visited 1 branch of the dungeon, and saw 2 of its levels.

You collected 63 gold pieces.

Inventory:

Armour
 a - a +0 robe (worn)
Magical devices
 i - a wand of confusion (24)
Scrolls
 f - a scroll of teleportation {unknown}
 g - 2 scrolls of remove curse {unknown}
 h - a scroll of identify {unknown}
Potions
 e - a potion of curing {unknown}
Books
 b - a book of Air

   Spells                             Type                      Level
   a - Shock                          Conjuration/Air              1
   b - Swiftness                      Charms/Air                   2
   c - Repel Missiles                 Charms/Air                   2
   d - Static Discharge               Conjuration/Air              3
   e - Lightning Bolt                 Conjuration/Air              5
Comestibles
 c - 2 bread rations
 d - 4 chunks of flesh


   Skills:
 + Level 2.6 Dodging
 + Level 3.0 Stealth
 + Level 3.3 Spellcasting
 * Level 1.8 Conjurations
 * Level 3.0 Air Magic


You had 6 spell levels left.
You knew the following spells:

 Your Spells              Type           Power        Failure   Level  Hunger
a - Shock                 Conj/Air       ##..         8%          1    None


Dungeon Overview and Level Annotations

Branches:
Dungeon (2/15)

Altars:
Cheibriados
Vehumet
Lugonu

Portals:
Abyss: D:1


Message History

You see here a worm corpse.
You butcher the worm corpse.
d - 5 chunks of flesh (gained 3)
There is a stone staircase leading up, spattered with blood here.
You start resting.
Your magical contamination has completely faded away.
Eat one of 5 chunks of flesh? (ye/n/q/i?) This raw flesh tastes terrible.
You continue eating. x2
Found a club.
Found 17 stones.
i - a wand of confusion
There are no items here.
Found a radiant altar of Vehumet.
Found a ring mail and a short sword.
Really walk into a travel-excluded area?
Really walk into that cloud of flame?
You are engulfed in roaring flames.
Ouch! That really hurt!
You die...

##...## . ##.....##
##.######(......### ## .
)....##........# #. #.
#.[.###....##.# #.
#.##.#.####.#.##.###.
#...§.§.....#........
####..§.§§####.####.###.
#.....§@.....#......# #.
...#..§.§.##.#.....## #.
## #......# #.....# ##
...#.##... ......#
#.###. ..##.#.....# ...
#. .## #.....# .. .. ##


There were no monsters in sight!

Vanquished Creatures
  A worm (D:2)
  4 goblins (D:1)
  3 hobgoblins (D:1)
  A bat (D:1)
  A giant cockroach (D:1)
  2 giant newts (D:1)
  3 kobolds (D:1)
  A rat (D:1)
16 creatures vanquished.

Notes
Turn   | Place    | Note
--------------------------------------------------------------
     0 | D:1      | Kelyas the Deep Elf Air Elementalist began the quest for the Orb.
     0 | D:1      | Reached XP level 1. HP: 10/10 MP: 6/6
   445 | D:1      | Reached XP level 2. HP: 15/15 MP: 1/8
   630 | D:1      | Found a snail-covered altar of Cheibriados.
   916 | D:1      | Noticed a demonic crawler
   972 | D:1      | Noticed an iron imp
   973 | D:1      | Found a corrupted altar of Lugonu.
   973 | D:1      | Noticed a demonic crawler
   974 | D:1      | Noticed a quasit
   974 | D:1      | Found a one-way gate to the infinite horrors of the Abyss.
   974 | D:1      | Noticed a quasit
   975 | D:1      | Noticed an iron imp
   976 | D:1      | Noticed a demonic crawler
   976 | D:1      | Noticed an iron imp
   976 | D:1      | Noticed an iron imp
   976 | D:1      | Noticed an iron imp
   978 | D:1      | Noticed a quasit
   981 | D:1      | Noticed an iron imp
  1174 | D:2      | Found a radiant altar of Vehumet.
  1180 | D:2      | Engulfed by a cloud of flame

Vault maps used:
D:1:      erik_arrival_cave_to_civilisation, cheibriados_altar_1
D:2:      led_sif_pool, fiery_altar_vehumet, hex_tiny

Action                   || total
-------------------------++-------
 Cast: Shock             ||    39
  Eat: Chunk             ||     1
